 Dungeon Crawl Stone Soup version 0.27-a0-1046-g98bf31544f (webtiles) character file.

Game seed: 3875183375839786450

17 spiderkeys the Skirmisher (level 2, -1/27 HPs)
             Began as a Hill Orc Abyssal Knight on Apr 19, 2021.
             Was a Follower of Lugonu.
             Slain by a quokka (4 damage)
             ... on level 1 of the Dungeon.
             The game lasted 00:01:41 (667 turns).

spiderkeys the Skirmisher (Hill Orc Abyssal Knight)  Turns: 667, Time: 00:01:42

Health: -1/27      AC: 11    Str: 14    XL:     2   Next: 62%
Magic:  4/4        EV:  4    Int: 12    God:    Lugonu [*.....]
Gold:   18         SH:  0    Dex: 10    Spells: 1/1 levels left

rFire    . . .     SeeInvis .   a - +1 hand axe
rCold    . . .     Faith    .   (no shield)
rNeg     . . .     Spirit   .   e - +0 plate armour
rPois    .         Reflect  .   (no helmet)
rElec    .         Harm     .   (no cloak)
rCorr    .         Rampage  .   (no gloves)
Will     .....                  (no boots)
Stlth    ..........             (no amulet)
HPRegen  0.09/turn              (no ring)
MPRegen  0.09/turn              (no ring)

@: no status effects
A: no striking features
a: Renounce Religion, Depart the Abyss


You were on level 1 of the Dungeon.
You worshipped Lugonu.
Lugonu was aware of your devotion.
You visited 1 branch of the dungeon, and saw 1 of its levels.
You visited the Abyss 1 time.

You collected 18 gold pieces.


   Skills:
 + Level 3.8 Fighting
 * Level 3.3 Axes
 + Level 2.4 Armour
 - Level 1.0 Dodging
 + Level 2.7 Invocations


You had one spell level left.
You didn't know any spells.
Your spell library was empty.

Inventory:

Hand Weapons
 a - a +1 hand axe (weapon)
Missiles
 c - 14 poisoned darts
 k - 35 stones
Armour
 b - a +0 leather armour
 e - a +0 plate armour (worn)
   (You found it on level 2 of the Abyss)
Wands
 g - a wand of flame (14)
   (You found it on level 4 of the Abyss)
Scrolls
 i - a scroll of identify {unknown}
 j - a scroll of amnesia {unknown}
Potions
 d - a potion of attraction {unknown}
 f - 3 potions of might {unknown}
 h - 2 potions of flight {unknown}

Dungeon Overview and Level Annotations

Branches:
Dungeon (1/15)

Altars:

Shops:
D:1

[ ...........## #....#
............# #....###
............# ###.......
............# ##......###
..........†.# #..######
............# #.###
...........## ##...#
....#......#### #..#.##
###
######.r@.####.#≈.≈######
#. ####......≈≈.≈≈.....
#.# #######.##.≈≈∩≈≈#####
#.# #.......#..≈≈≈≈≈# #.#
##.###...[.##≈≈≈># #.#
#..##..#########.# #.#
##.##..## ...
#####>###.....## ..#
#....†......### ...


You could see a quokka.


Message History

You miss the jackal.
The jackal bites you but does no damage.
The jackal bites you. 😮 HP[-2]
You take 2 damage, and now have 16/27 hp.
You closely miss the jackal.
The jackal bites you but does no damage.
You hit the jackal.
You kill the jackal!
Lugonu accepts your kill.
You can now depart the Abyss.
The jackal bites you but does no damage.
You closely miss the jackal.
The jackal bites you but does no damage.
The jackal bites you. 😮 HP[-1]
You take 1 damage, and now have 15/27 hp.
You closely miss the jackal.
The jackal bites you but does no damage.
You closely miss the jackal. The jackal bites you.
The jackal bites you but does no damage.
You hit the jackal but do no damage. The jackal bites you. 😮 HP[-1]
You take 1 damage, and now have 14/27 hp.
You closely miss the jackal.
The jackal bites you but does no damage.
The jackal bites you.
* * * LOW HITPOINT WARNING * * *
😨 HP[-2]
You take 2 damage, and now have 12/27 hp.
You closely miss the jackal.
The jackal bites you but does no damage.
The jackal bites you.
* * * LOW HITPOINT WARNING * * *
😨 HP[-1]
You take 1 damage, and now have 11/27 hp.
You hit the jackal but do no damage.
The jackal bites you but does no damage.
You slash the jackal!
You kill the jackal!
Lugonu accepts your kill. The jackal barely misses you.
You barely miss the jackal.
The jackal bites you but does no damage.
You hit the jackal but do no damage.
The jackal bites you but does no damage.
The jackal pauses to sniff the ground.
The jackal bites you.
* * * LOW HITPOINT WARNING * * *
😨 HP[-1]
You take 1 damage, and now have 10/27 hp.
You slash the jackal!
You kill the jackal!
Lugonu accepts your kill.
The jackal bites you but does no damage.
You miss the jackal. The jackal barely misses you. 😨 HP[+1]
You barely miss the jackal.
The jackal bites you but does no damage. x2
You barely miss the jackal.
The jackal bites you but does no damage. x2
You closely miss the jackal. The jackal bites you.
* * * LOW HITPOINT WARNING * * *
The quokka twitches its whiskers. 😨 HP[-1]
You take 1 damage, and now have 10/27 hp.
Unknown command.
You slash the jackal!
You kill the jackal!
Lugonu accepts your kill.
You hit the endoplasm.
The endoplasm hits you but does no damage.
The endoplasm freezes you.
You are frozen.
* * * LOW HITPOINT WARNING * * *
😨 HP[-2]
You take 2 damage, and now have 8/27 hp.
Unknown command.
You hit the endoplasm.
You kill the endoplasm!
Lugonu accepts your kill. 😨 MP[+1]
Your mp is fully restored (4).
You miss the quokka. The quokka bites you.
* * * LOW HITPOINT WARNING * * *
😱 HP[-3]
You take 3 damage, and now have 5/27 hp.
You closely miss the quokka.
The quokka bites you but does no damage.
The quokka bites you.
* * * LOW HITPOINT WARNING * * *
😱 HP[-3]
You take 3 damage, and now have 2/27 hp.
You closely miss the quokka.
The quokka bites you but does no damage.
Unknown command.
You hit the quokka but do no damage.
The quokka bites you but does no damage.
The quokka bites you.
You die...

Skill      XL: |  1  2 |
---------------+-------+-----
Axes           | 3 |  3.3
Dodging        | 1 |  1.0
Fighting       | |  3.8
Armour         | |  2.4
Invocations    | |  2.7

Action                   || total
-------------------------++-------
Melee: Hand axe          ||    48
Invok: Depart the Abyss  ||     1
Armor: Plate armour      ||    52
Dodge: Dodged            ||    13

Levels and vault maps discovered:
D:1:      tarquinn_simple_flora_water_a, layout_rooms, serial_forest,
          infiniplex_forest_lined_corner, infiniplex_forest_lined_1,
          serial_shops, nicolae_shop_waterfront

Notes
Turn   | Place    | Note
-------+----------+-------------------------------------------
     0 | Abyss:1  | spiderkeys the Hill Orc Abyssal Knight began the quest for
                  | the Orb.
     0 | Abyss:1  | Reached XP level 1. HP: 19/19 MP: 2/2
     0 | Abyss:1  | magus.rc [v1.9.10]
   117 | Abyss:2  | Noticed a small abomination
   140 | Abyss:2  | Noticed an ice dragon zombie
   143 | Abyss:2  | Noticed a hell hog
   159 | Abyss:3  | Noticed a large abomination
   194 | Abyss:4  | Noticed a large abomination
   204 | D:1      | You pass through the gate.
   204 | D:1      | Escaped the Abyss
   527 | D:1      | Reached skill level 3 in Axes
   544 | D:1      | Found Vywuty's Antique Armour Shop.
   627 | D:1      | Reached XP level 2. HP: 27/27 MP: 3/3
   633 | D:1      | Reached skill level 1 in Dodging
   645 | D:1      | Reached * piety under Lugonu
   664 | D:1      | HP: 5/27 [quokka (3)]
   665 | D:1      | HP: 2/27 [quokka (3)]
   667 | D:1      | Slain by a quokka

Vanquished Creatures
  An endoplasm (D:1)
  3 giant cockroaches (D:1)
  A hobgoblin (D:1)
  6 jackals (D:1)
  A ball python (D:1)
  A bat (D:1)
  A rat (D:1)
14 creatures vanquished.

Table legend:
 A = Non-vault XP
 B = Vault XP
 C = Vault XP percentage of total XP
 D = Non-vault monster count
 E = Vault monster count
 F = Vault count percentage of total count
                 A         B        C        D         E       F
            +---------+---------+-------+---------+---------+-------
      Total |      25 |       0 |   0.0 |      14 |       0 |   0.0
            +---------+---------+-------+---------+---------+-------
        D:1 |      25 |       0 |   0.0 |      14 |       0 |   0.0
            +---------+---------+-------+---------+---------+-------

Illustrated notes

Table legend:
 A = Kills in this place as a percentage of kills in entire the game.
 B = Kills by you in this place as a percentage of kills by you in the entire game.
 C = Kills by friends in this place as a percentage of kills by friends in the entire game.
 D = Other kills in this place as a percentage of other kills in the entire game.
 E = Experience gained in this place as a percentage of experience gained in the entire game.
 F = Experience gained in this place divided by the number of levels of this place that you have seen.
                   A       B       C       D       E      F
               +-------+-------+-------+-------+-------+----------------------
         Total | 100.0 | 100.0 |   N/A |   N/A | 100.0 |   5.0
       Dungeon | 100.0 | 100.0 |   N/A |   N/A | 100.0 |  25.0
               +-------+-------+-------+-------+-------+----------------------

Table legend: (Time is in decaauts)
 A = Elapsed time spent in this place.
 B = Non-inter-level travel time spent in this place.
 C = Inter-level travel time spent in this place.
 D = Time resting spent in this place.
 E = Time spent auto-exploring this place.
 F = Levels seen in this place.
 G = Mean time per level.
                   A        B        C        D        E       F      G
               +--------+--------+--------+--------+--------+-----+--------+
         Total |    673 |    673 |      0 |      0 |    412 |   5 |  134.6 |
       Dungeon |    470 |    470 |      0 |      0 |    385 |   1 |  470.0 |
         Abyss |    203 |    203 |      0 |      0 |     27 |   4 |   50.8 |
               +--------+--------+--------+--------+--------+-----+--------+

Top non-repeatable levels by time:
     D:1: 470 daAuts
 Abyss:1: 82 daAuts
 Abyss:2: 61 daAuts
 Abyss:4: 35 daAuts
 Abyss:3: 23 daAuts
